[Event "Titled Tuesday Blitz November 29 Late 2022"]
[White "Abdyzhapar, Asylbek"]
[Black "Naroditsky, Daniel"]
[WhiteFideId "13800337"]
[BlackFideId "2026961"]
[WhiteElo "2805"]
[BlackElo "3139"]
[Result "1-0"]
[Round "03"]
[TimeControl "180+1"]
[Date "2022.11.30"]
[WhiteClock "0:00:28"]
[BlackClock "0:00:41"]

1. e4 c6 2. d4 d5 3. exd5 cxd5 4. c4 Nf6 5. Nc3 Nc6 6. Nf3 Be6 7. c5 Bg4 8. Be2 e6 9. O-O Be7 10. a3 Ne4 11. Bf4 O-O 12. h3 Bh5 13. Ne5 Bxe2 14. Nxe2 Bf6 15. Nxc6 bxc6 16. f3 Nxc5 17. dxc5 Bxb2 18. Rb1 Bf6 19. Qa4 e5 20. Bg3 Qd7 21. Rfd1 Rfd8 22. Bf2 h6 23. f4 Re8 24. fxe5 Bxe5 25. Nd4 Rac8 26. Qa6 Re7 27. Nf3 Bb8 28. Re1 Re4 29. Rbd1 Qc7 30. Bg3 Rxe1+ 31. Rxe1 Qd7 32. Bxb8 Rxb8 33. Ne5 Qe7 34. Qxc6 Qh4 35. Nf3 Qc4 36. Re8+ Rxe8 37. Qxe8+ Kh7 38. Qe3 a5 39. Kh2 a4 40. Ne5 Qa2 41. c6 g6 42. Nxf7 Qc2 43. Qe7 h5 44. Ne5+ Kh6 45. Qf6 d4 46. c7 1-0


[Site "https://www.chess.com"]

[Event "Titled Tuesday Blitz November 29 Late 2022"]
[White "Adel, Sara"]
[Black "Ilkhomi, Jaloliddin"]
[WhiteFideId "10616764"]
[BlackFideId "14700948"]
[WhiteElo "1994"]
[BlackElo "2045"]
[Result "0-1"]
[Round "03"]
[TimeControl "180+1"]
[Date "2022.11.30"]
[WhiteClock "0:00:14"]
[BlackClock "0:00:34"]

1. e4 e6 2. d4 d5 3. Nd2 Nf6 4. e5 Nfd7 5. Bd3 c5 6. c3 Nc6 7. Ne2 cxd4 8. cxd4 f6 9. Nf3 Bb4+ 10. Bd2 Bxd2+ 11. Qxd2 fxe5 12. dxe5 Ndxe5 13. Nxe5 Nxe5 14. Bc2 Nc4 15. Qc3 Qf6 16. Nd4 Bd7 17. O-O Rc8 18. Rfe1 O-O 19. Re2 e5 20. Nf3 e4 21. Nd4 Nd6 22. Qd2 Rc4 23. Nb3 Be6 24. Na5 Rc7 25. Rd1 Qxb2 26. f3 Qb6+ 27. Kh1 Rxc2 28. Qxc2 Qxa5 29. fxe4 Nxe4 30. Rc1 Qb6 31. Rb1 Qd4 32. Ree1 Nf2+ 33. Kg1 Nd3+ 0-1


[Site "https://www.chess.com"]

[Event "Titled Tuesday Blitz November 29 Late 2022"]
[White "Adla, Diego"]
[Black "Melkumyan, Hrant"]
[WhiteFideId "100072"]
[BlackFideId "13302485"]
[WhiteElo "2377"]
[BlackElo "2604"]
[Result "1-0"]
[Round "03"]
[TimeControl "180+1"]
[Date "2022.11.30"]
[WhiteClock "0:00:02"]
[BlackClock "0:00:02"]

1. Nf3 c5 2. c4 Nc6 3. d4 cxd4 4. Nxd4 g6 5. e4 Nf6 6. Nc3 d6 7. Be3 Ng4 8. Nxc6 bxc6 9. Bg5 Bg7 10. Qd2 Rb8 11. b3 Qa5 12. Rc1 h6 13. Bf4 g5 14. Bg3 h5 15. h4 gxh4 16. Bxh4 Be6 17. f3 Bh6 18. f4 Bg7 19. Be2 Qc5 20. Na4 Qd4 21. Bf3 Bd7 22. Nc3 Rg8 23. Qxd4 Bxd4 24. Ke2 a5 25. Be1 Be3 26. Bd2 Bxd2 27. Kxd2 Nf6 28. Ke3 Bg4 29. Ne2 Bxf3 30. gxf3 a4 31. Rc3 axb3 32. axb3 Rh8 33. Rh4 e6 34. Ng3 Ke7 35. e5 dxe5 36. fxe5 Nd7 37. f4 Rhg8 38. Nxh5 Rg1 39. Rh3 Rb1 40. Kd2 Nc5 41. Nf6 Rd8+ 42. Ke3 Re1+ 43. Kf2 Rb1 44. Kg3 Nxb3 45. Rh7 Nd4 46. Ra3 Rb7 47. Kf2 Nf5 48. Ne4 Rg8 49. Ng5 Rf8 50. Rd3 Ra7 51. c5 Rb7 52. Rd6 Nxd6 53. cxd6+ Ke8 54. Ne4 Kd8 55. Nf6 c5 56. Rh3 c4 57. Ra3 Rb8 58. Ke3 Rh8 59. Kd4 Rc8 60. Rc3 Rh1 61. Ne4 Rd1+ 62. Ke3 Kd7 63. Nf6+ Kd8 64. Ne4 Rd5 65. Kf3 Rd3+ 66. Rxd3 cxd3 67. Ke3 Ra8 68. Kxd3 Ra4 69. Ke3 Rb4 70. Kd3 1-0


[Site "https://www.chess.com"]

[Event "Titled Tuesday Blitz November 29 Late 2022"]
[White "Adury, Anant"]
[Black "Meduri, Aakaash"]
[WhiteFideId "30964687"]
[BlackFideId "2032252"]
[WhiteElo "2164"]
[BlackElo "2113"]
[Result "0-1"]
[Round "03"]
[TimeControl "180+1"]
[Date "2022.11.30"]
[WhiteClock "0:00:18"]
[BlackClock "0:00:15"]

1. d4 d5 2. c4 c6 3. Nc3 Nf6 4. Nf3 e6 5. cxd5 exd5 6. Bg5 h6 7. Bxf6 Qxf6 8. e3 Bd6 9. Bd3 O-O 10. h3 Re8 11. O-O Nd7 12. e4 dxe4 13. Nxe4 Qe7 14. Re1 Bc7 15. Nf6+ Nxf6 16. Rxe7 Rxe7 17. Bc4 Bf5 18. Qf1 Rd8 19. Re1 Red7 20. Ne5 Bxe5 21. dxe5 Nd5 22. g4 Bh7 23. f4 Nb6 24. Bb3 Bd3 25. Qf3 Bc4 26. f5 Rd3 27. Qf4 Bxb3 28. axb3 R8d4 29. Qf1 Nd5 30. e6 Nf6 31. e7 Ne8 32. Re2 Rd1 33. Re1 R1d2 34. Re2 Rd1 35. Re1 R1d3 36. Kg2 Rxb3 37. Re2 Rbd3 38. Qf2 Rd6 39. Re3 Rd2 40. Re2 R2d3 41. Qe1 b6 42. Qf2 Rd1 43. h4 R1d4 44. g5 hxg5 45. hxg5 Rg4+ 46. Kh3 Rxg5 47. Qh4 Rh6 48. Qxh6 gxh6 49. Rd2 Rxf5 50. Rd8 Re5 51. Rxe8+ Kg7 52. Kg4 Re6 53. Kf5 a5 54. b3 b5 55. Ra8 Rxe7 56. Rxa5 Re6 57. Ra8 Rf6+ 58. Ke5 Rg6 59. Kd4 h5 60. b4 h4 61. Kc5 h3 62. Ra1 h2 63. Rh1 Rh6 64. Kd4 Kf8 65. Ke3 Ke7 66. Ke2 Kd6 67. Kf2 Kd5 68. Kg2 Kc4 69. Rxh2 Rxh2+ 0-1


[Site "https://www.chess.com"]

[Event "Titled Tuesday Blitz November 29 Late 2022"]
[White "Aghasiyev, Kamal"]
[Black "Liu, Kelsey"]
[WhiteFideId "13402854"]
[BlackFideId "30944481"]
[WhiteElo "2341"]
[BlackElo "2287"]
[Result "1-0"]
[Round "03"]
[TimeControl "180+1"]
[Date "2022.11.30"]
[WhiteClock "0:01:07"]
[BlackClock "0:00:17"]

1. d4 Nf6 2. c4 e6 3. Nf3 d5 4. g3 dxc4 5. Bg2 Bb4+ 6. Bd2 a5 7. O-O c6 8. a4 Nbd7 9. Qc2 O-O 10. Qxc4 Bd6 11. Nc3 e5 12. dxe5 Nxe5 13. Nxe5 Bxe5 14. Rfd1 Be6 15. Qh4 Qb6 16. Ne4 Bf5 17. Nxf6+ Bxf6 18. Bg5 Bxb2 19. Rab1 Bxb1 20. Rxb1 Qd4 21. Qh5 h6 22. Be3 Qf6 23. Be4 b5 24. axb5 cxb5 25. Bxa8 Rxa8 26. Qxb5 Bc3 27. Qd5 Rd8 28. Qc4 Bb4 29. Rc1 Qe6 30. Qb5 Qd7 31. Qe5 Qd6 32. Qb5 Qd7 33. Rc6 Qd1+ 34. Kg2 Qd5+ 35. Qxd5 Rxd5 36. Rc8+ Kh7 37. Ra8 Kg6 38. f4 Kf5 39. Kf3 Be1 40. g4+ Kf6 41. Ra6+ Ke7 42. Ke4 Rd6 43. Bc5 1-0


[Site "https://www.chess.com"]

[Event "Titled Tuesday Blitz November 29 Late 2022"]
[White "Albornoz Cabrera, Carlos Daniel"]
[Black "Deac, Bogdan-Daniel"]
[WhiteFideId "3518736"]
[BlackFideId "1226380"]
[WhiteElo "2803"]
[BlackElo "3072"]
[Result "1-0"]
[Round "03"]
[TimeControl "180+1"]
[Date "2022.11.30"]
[WhiteClock "0:00:17"]
[BlackClock "0:00:04"]

1. d4 Nf6 2. c4 e6 3. Nf3 d5 4. g3 dxc4 5. Bg2 Bd7 6. O-O Bc6 7. a4 a6 8. Nc3 Bb4 9. Qc2 Nbd7 10. Rd1 O-O 11. Na2 Bd6 12. Qxc4 Nb6 13. Qc2 Bxa4 14. b3 Bc6 15. Nc3 Bb4 16. Bg5 h6 17. Bxf6 Qxf6 18. Ne4 Bxe4 19. Qxe4 c6 20. Ne5 Rfd8 21. e3 Qe7 22. h4 Nd5 23. Qg4 Nf6 24. Qf3 Rac8 25. g4 Nd7 26. Nd3 Bd6 27. Qh3 e5 28. g5 hxg5 29. hxg5 e4 30. g6 fxg6 31. Nb2 Nf6 32. Nc4 Bc7 33. Bf1 Kf7 34. Ne5+ Bxe5 35. Bc4+ Nd5 36. dxe5 Qxe5 37. Rd4 c5 38. Rxd5 Rxd5 39. Bxd5+ Kf6 40. Qxc8 Qxa1+ 41. Kg2 Qe5 42. Qf8+ Kg5 43. Qd8+ Kh6 44. Qh4+ Qh5 45. Qxh5+ gxh5 46. Bxb7 a5 47. Bxe4 1-0


[Site "https://www.chess.com"]

[Event "Titled Tuesday Blitz November 29 Late 2022"]
[White "Araujo Sanchez, Josue"]
[Black "Shimanov, Aleksandr"]
[WhiteFideId "6416896"]
[BlackFideId "4198603"]
[WhiteElo "2588"]
[BlackElo "2880"]
[Result "0-1"]
[Round "03"]
[TimeControl "180+1"]
[Date "2022.11.30"]
[WhiteClock "0:00:01"]
[BlackClock "0:00:57"]

1. c4 g6 2. Nc3 Bg7 3. g3 e6 4. Bg2 Ne7 5. e4 c5 6. Nge2 O-O 7. O-O Nbc6 8. d3 d6 9. Be3 Nd4 10. Rb1 a5 11. a3 Nec6 12. f4 f5 13. exf5 gxf5 14. Nb5 a4 15. Nexd4 cxd4 16. Bd2 e5 17. Qh5 Kh8 18. Rbe1 Be6 19. Rf2 Qd7 20. Rfe2 e4 21. Bb4 Nxb4 22. axb4 d5 23. cxd5 Bxd5 24. Na3 e3 25. Bxd5 Qxd5 26. Nc4 Rae8 27. Rc1 Rc8 28. Ra1 Rc6 29. Rxa4 b5 30. Ra5 Rh6 31. Qg5 Qf3 32. Ra7 Rg6 33. Ne5 Bxe5 34. Qh4 Bg7 0-1


[Site "https://www.chess.com"]

[Event "Titled Tuesday Blitz November 29 Late 2022"]
[White "Arbunic Castro, Giovanna"]
[Black "Sanchez, Robert"]
[WhiteFideId "3400549"]
[BlackFideId "2034360"]
[WhiteElo "1932"]
[BlackElo "2323"]
[Result "0-1"]
[Round "03"]
[TimeControl "180+1"]
[Date "2022.11.30"]
[WhiteClock "0:00:01"]
[BlackClock "0:01:10"]

1. e4 d5 2. exd5 Qxd5 3. Nc3 Qe6+ 4. Be2 Qg6 5. Bf3 Nc6 6. Nge2 e5 7. d3 Bd7 8. O-O O-O-O 9. a3 f5 10. b4 Nf6 11. b5 Ne7 12. Be3 Kb8 13. a4 Nc8 14. g3 h5 15. a5 h4 16. b6 cxb6 17. axb6 a6 18. d4 e4 19. Bf4+ Bd6 20. Bg2 hxg3 21. fxg3 Ng4 22. h3 Nh6 23. Na4 Bxa4 24. Rxa4 Bxf4 25. Nxf4 Qxg3 26. Qa1 Qe3+ 27. Kh1 Ng4 28. Rxa6 bxa6 29. Qxa6 Nf2+ 30. Kg1 Nxh3+ 31. Kh2 Nxf4+ 0-1


[Site "https://www.chess.com"]

[Event "Titled Tuesday Blitz November 29 Late 2022"]
[White "Arnold, Ken"]
[Black "Paravyan, David"]
[WhiteFideId "2056836"]
[BlackFideId "4194985"]
[WhiteElo "2368"]
[BlackElo "2546"]
[Result "0-1"]
[Round "03"]
[TimeControl "180+1"]
[Date "2022.11.30"]
[WhiteClock "0:01:29"]
[BlackClock "0:01:52"]

1. d4 Nf6 2. Bf4 g6 3. Nf3 Bg7 4. c3 Nh5 5. e3 Nxf4 6. exf4 c5 7. Bc4 cxd4 8. O-O dxc3 9. Nxc3 O-O 10. Re1 e6 11. Qb3 d5 12. Bf1 Nc6 13. Rad1 Qb6 14. Na4 Qxb3 15. axb3 b6 16. Ne5 Bb7 17. Rc1 Nxe5 18. fxe5 Rfc8 19. f4 Bh6 20. g3 g5 21. f5 g4 22. Rxc8+ Rxc8 23. fxe6 fxe6 24. Bd3 Bg5 25. Nc3 Bd2 26. Ra1 Bxc3 27. bxc3 Rxc3 28. Rxa7 Rxd3 29. Rxb7 Re3 30. Rxb6 Rxe5 31. Kf2 Kf7 32. b4 Re4 33. b5 h5 34. Rb8 Rb4 35. Ke3 Kf6 36. b6 Ke5 37. Rh8 Rb3+ 38. Kd2 Rxb6 39. Rxh5+ Kd4 40. Rh4 e5 41. Rxg4+ e4 42. Rg5 Rb2+ 0-1


[Site "https://www.chess.com"]

[Event "Titled Tuesday Blitz November 29 Late 2022"]
[White "Banzea, Alexandru-Bogdan"]
[Black "Gerbelli Neto, Eduardo"]
[WhiteFideId "1232622"]
[BlackFideId "2103281"]
[WhiteElo "2294"]
[BlackElo "2178"]
[Result "1-0"]
[Round "03"]
[TimeControl "180+1"]
[Date "2022.11.30"]
[WhiteClock "0:01:49"]
[BlackClock "0:01:03"]

1. d4 d5 2. Nf3 Nf6 3. Bf4 Bf5 4. e3 e6 5. Bd3 Bg6 6. Ne5 Nbd7 7. Nxg6 hxg6 8. Nd2 Nh5 9. O-O Nxf4 10. exf4 Bd6 11. g3 g5 12. fxg5 Qxg5 13. f4 Qh6 14. Nf3 Nf6 15. Qe2 O-O-O 16. a4 c5 17. c3 Kb8 18. a5 c4 19. Bc2 a6 20. b3 Rc8 21. Rab1 Ka7 22. bxc4 Rxc4 23. Bd3 Rxc3 24. Qb2 Rhc8 25. Qxb7# 1-0


[Site "https://www.chess.com"]

[Event "Titled Tuesday Blitz November 29 Late 2022"]
[White "Battlecruiser_Operational"]
[Black "Goncalves, Davi Sulzbacher"]
[BlackFideId "2154510"]
[WhiteElo "2156"]
[BlackElo "2182"]
[Result "1-0"]
[Round "03"]
[TimeControl "180+1"]
[Date "2022.11.30"]
[WhiteClock "0:00:11"]
[BlackClock "0:00:13"]

1. d4 Nf6 2. c4 g6 3. Nc3 d5 4. cxd5 Nxd5 5. e4 Nxc3 6. bxc3 Bg7 7. Bc4 c5 8. Ne2 Nc6 9. Be3 O-O 10. O-O Qc7 11. Rc1 Rd8 12. Bf4 Be5 13. Bg3 Bxg3 14. fxg3 e6 15. Qd2 b6 16. h4 Bb7 17. Qe3 Rac8 18. h5 Qd7 19. hxg6 hxg6 20. d5 Ne5 21. dxe6 Nxc4 22. exd7 Nxe3 23. dxc8=Q Bxc8 24. Rf3 Nc4 25. Nf4 Bb7 26. Nd5 Nd2 27. Rd3 Nxe4 28. Ne7+ Kf8 29. Rxd8+ Kxe7 30. Rb8 Bd5 31. c4 Bc6 32. g4 Nd6 33. Rc3 Kd7 34. Ra3 Nxc4 35. Rxa7+ Kd6 36. Rxf7 b5 37. Rf6+ Kd5 38. Rd8+ Ke5 39. Rxc6 Ne3 40. Rxc5+ Kf4 41. Rf8+ Kxg4 42. Rxb5 Nd1 43. Rb4+ Kg5 44. Rb3 Kg4 45. Rf1 g5 46. Rxd1 Kh4 47. Rd4+ g4 48. a4 Kg5 49. a5 Kf5 50. Rdb4 Kg5 51. a6 Kh4 52. a7 Kg5 53. a8=Q Kh4 54. Qa3 Kg5 55. Qc1+ Kh4 56. Rxg4+ Kh5 57. Qg5# 1-0


[Site "https://www.chess.com"]

[Event "Titled Tuesday Blitz November 29 Late 2022"]
[White "Bayo Milagro, Alvaro"]
[Black "Weisz, Bryan"]
[WhiteFideId "22275240"]
[BlackFideId "30934133"]
[WhiteElo "2270"]
[BlackElo "2287"]
[Result "1-0"]
[Round "03"]
[TimeControl "180+1"]
[Date "2022.11.30"]
[WhiteClock "0:00:10"]
[BlackClock "0:00:01"]

1. Nf3 g6 2. e4 Bg7 3. d4 d6 4. c4 Nf6 5. Nc3 O-O 6. Be2 e5 7. d5 a5 8. Bg5 Qe8 9. Nd2 Nfd7 10. g4 Nc5 11. Qc2 f5 12. gxf5 gxf5 13. O-O-O Nba6 14. a3 fxe4 15. Ndxe4 Bf5 16. Rhg1 Nb4 17. axb4 axb4 18. Bf6 Bg6 19. Bxg7 bxc3 20. Nxc3 Kxg7 21. b4 Na4 22. Bh5 Rf6 23. Bxg6 hxg6 24. Ne4 Rf4 25. Ng5 Kh8 26. Ne6 Rh4 27. Rxg6 Nb6 28. Rdg1 Ra1+ 29. Kb2 Rxg1 30. Rxg1 Rxc4 31. Qd2 Qh5 32. Rg5 Qh6 33. Rg8+ Kh7 34. Rh8+ Kxh8 35. Qxh6+ 1-0


[Site "https://www.chess.com"]

[Event "Titled Tuesday Blitz November 29 Late 2022"]
[White "Bettalli, Francesco"]
[Black "Kuzmicz, Krystian"]
[WhiteFideId "2816453"]
[BlackFideId "1119125"]
[WhiteElo "2216"]
[BlackElo "2380"]
[Result "0-1"]
[Round "03"]
[TimeControl "180+1"]
[Date "2022.11.30"]
[WhiteClock "0:02:10"]
[BlackClock "0:01:04"]

1. d4 g6 2. e4 Bg7 3. Nc3 a6 4. Be3 b5 5. g4 d6 6. Bg2 Bb7 7. h4 h6 8. g5 h5 9. d5 c5 10. dxc6 Nxc6 11. Nd5 Rc8 12. c3 Ne5 13. Bh3 e6 14. b3 exd5 15. Bxc8 Qxc8 16. exd5 Qxc3+ 17. Kf1 Ng4 18. Rc1 Qxe3 19. fxe3 Nxe3+ 20. Kf2 Nxd1+ 21. Rxd1 Ne7 22. Nf3 Kd7 23. Rhe1 Rc8 24. Rd2 Nf5 25. Rde2 Bxd5 26. Nd2 Bd4+ 0-1


[Site "https://www.chess.com"]

[Event "Titled Tuesday Blitz November 29 Late 2022"]
[White "Bilan, Danila"]
[Black "Korchmar, Vasiliy"]
[WhiteFideId "24161918"]
[BlackFideId "24131750"]
[WhiteElo "2173"]
[BlackElo "2370"]
[Result "1-0"]
[Round "03"]
[TimeControl "180+1"]
[Date "2022.11.30"]
[WhiteClock "0:00:04"]
[BlackClock "0:00:05"]

1. d4 d5 2. Nf3 Nf6 3. c4 c6 4. Nc3 e6 5. Bg5 Nbd7 6. cxd5 exd5 7. e3 h6 8. Bh4 Be7 9. Bd3 O-O 10. Qc2 Re8 11. O-O Ne4 12. Bxe7 Qxe7 13. Bxe4 dxe4 14. Nd2 Nf6 15. Nc4 Bf5 16. Ne2 Rad8 17. Ng3 Bh7 18. Rfd1 h5 19. a3 h4 20. Ne2 h3 21. Ng3 hxg2 22. Kxg2 Nd5 23. Qe2 Qe6 24. Rg1 f5 25. Nh5 Bg6 26. Ne5 Bxh5 27. Qxh5 c5 28. Kh1 cxd4 29. exd4 Nf6 30. Qg6 Re7 31. Rad1 Nh7 32. Qg5 Qf6 33. Qh5 Nf8 34. Rg5 f4 35. Rdg1 e3 36. Ng6 1-0


[Site "https://www.chess.com"]

[Event "Titled Tuesday Blitz November 29 Late 2022"]
[White "Bjelobrk, Igor"]
[Black "Leebit02"]
[WhiteFideId "4300726"]
[WhiteElo "2335"]
[BlackElo "2313"]
[Result "1-0"]
[Round "03"]
[TimeControl "180+1"]
[Date "2022.11.30"]
[WhiteClock "0:00:11"]
[BlackClock "0:00:05"]

1. Nf3 Nf6 2. g3 d5 3. Bg2 e6 4. O-O Be7 5. b3 O-O 6. c4 c6 7. d4 Nbd7 8. Qc2 b6 9. Nbd2 Bb7 10. e4 dxe4 11. Ne5 c5 12. Nxe4 Nxe4 13. Bxe4 Bxe4 14. Qxe4 Nf6 15. Qe2 cxd4 16. Bb2 Bc5 17. Rad1 Qc7 18. Bxd4 Rad8 19. Bb2 h6 20. Qf3 Rxd1 21. Rxd1 Rd8 22. Rxd8+ Qxd8 23. Nc6 Qc7 24. Be5 Qb7 25. Kg2 Bf8 26. b4 Qd7 27. b5 Ne8 28. Bb8 Nd6 29. Qd3 a5 30. a4 f6 31. f4 Kf7 32. h4 Ke8 33. h5 Nf7 34. Qe2 Bd6 35. Ba7 Bc7 36. Kh2 Nd8 37. Qe4 Nxc6 38. bxc6 Qd6 39. Qg6+ Kf8 40. Qe4 f5 41. Qg2 e5 42. fxe5 Qxe5 43. c5 f4 44. cxb6 fxg3+ 45. Kh1 Qe1+ 46. Qg1 g2+ 47. Kxg2 Qg3+ 48. Kf1 Qf3+ 49. Qf2 1-0


[Site "https://www.chess.com"]

[Event "Titled Tuesday Blitz November 29 Late 2022"]
[White "Bobkov, Vadim"]
[Black "Foerster-Yialamas, Lucas"]
[WhiteFideId "34110876"]
[BlackFideId "30901774"]
[WhiteElo "2172"]
[BlackElo "2067"]
[Result "1-0"]
[Round "03"]
[TimeControl "180+1"]
[Date "2022.11.30"]
[WhiteClock "0:00:05"]
[BlackClock "0:00:02"]

1. d4 Nf6 2. Nf3 e6 3. g3 d5 4. Bg2 Ne4 5. O-O c6 6. Nbd2 f5 7. Ne5 Nd7 8. Nd3 Bd6 9. Nf3 h6 10. Nfe5 Nxe5 11. dxe5 Bc7 12. f3 Bb6+ 13. Kh1 Nc5 14. e4 dxe4 15. fxe4 Nxd3 16. Qh5+ Ke7 17. cxd3 Rf8 18. b3 Bd4 19. Ba3+ c5 20. Qg6 Rf7 21. Rac1 Qa5 22. exf5 Qxa3 23. f6+ gxf6 24. exf6+ Bxf6 25. Rc4 e5 26. d4 Be6 27. Rxc5 Raf8 28. Rc7+ Kd6 29. Rxf7 Rxf7 30. dxe5+ Kxe5 31. Qd3 Bg5 32. Qc3+ Kd6 33. Rd1+ Ke7 34. Qc7+ Kf6 35. Rf1+ Kg6 36. Be4+ Kg7 37. Qe5+ Kf8 38. Rd1 Bd7 39. Qh8+ Ke7 40. Bd5 Qc5 41. Re1+ Kd6 42. Qe5# 1-0


[Site "https://www.chess.com"]

[Event "Titled Tuesday Blitz November 29 Late 2022"]
[White "Bogaudinov, Rushan"]
[Black "Vargas Pereda, Jesus Manue"]
[WhiteFideId "4129288"]
[BlackFideId "5115710"]
[WhiteElo "1997"]
[BlackElo "1950"]
[Result "1-0"]
[Round "03"]
[TimeControl "180+1"]
[Date "2022.11.30"]
[WhiteClock "0:01:02"]
[BlackClock "0:00:05"]

1. d4 Nf6 2. g3 g6 3. Bg2 d5 4. c4 Bg7 5. cxd5 Nxd5 6. e4 Nb6 7. Ne2 O-O 8. O-O N8d7 9. a4 a5 10. Be3 e5 11. d5 Nc4 12. Bc1 Nc5 13. Nbc3 b6 14. b3 Nd6 15. Ba3 Na6 16. Nb5 Nxb5 17. axb5 Nb8 18. Bxf8 Qxf8 19. Qd3 Nd7 20. Rfc1 Nc5 21. Qc4 Bg4 22. f3 Bd7 23. Nc3 f5 24. Na4 Nxa4 25. bxa4 Rc8 26. d6+ Kh8 27. dxc7 fxe4 28. Qxe4 Bf5 29. Qb7 e4 30. fxe4 Bd4+ 31. Kh1 Be6 32. Rf1 Qc5 33. Rac1 Qh5 34. Rcd1 Qe5 35. Rc1 Bc5 36. Qc6 Bg4 37. Rxc5 bxc5 38. b6 Re8 39. b7 1-0


[Site "https://www.chess.com"]

[Event "Titled Tuesday Blitz November 29 Late 2022"]
[White "Bok, Benjamin"]
[Black "Aldokhin, Ivan"]
[WhiteFideId "1017063"]
[BlackFideId "24115720"]
[WhiteElo "2906"]
[BlackElo "2620"]
[Result "1-0"]
[Round "03"]
[TimeControl "180+1"]
[Date "2022.11.30"]
[WhiteClock "0:00:07"]
[BlackClock "0:00:01"]

1. d4 Nf6 2. c4 g6 3. g3 Bg7 4. Bg2 O-O 5. Nc3 d6 6. Nf3 Nc6 7. O-O Bf5 8. Ne1 Qd7 9. e4 Bh3 10. f3 Bxg2 11. Kxg2 e5 12. d5 Nd4 13. Nc2 Nxc2 14. Qxc2 Nh5 15. Bd2 f5 16. Rac1 Rf7 17. b4 Nf6 18. Qd3 h5 19. c5 h4 20. Bg5 h3+ 21. Kg1 Nh7 22. Bd2 Raf8 23. cxd6 cxd6 24. Nb5 fxe4 25. fxe4 Rxf1+ 26. Rxf1 Rxf1+ 27. Kxf1 Nf6 28. Nc3 Ng4 29. Qe2 Kh7 30. Be3 Nxe3+ 31. Qxe3 Bh6 32. Qf3 Kg7 33. Ke2 Qc8 34. Kd3 b5 35. Nxb5 Qa6 36. a4 1-0


[Site "https://www.chess.com"]

[Event "Titled Tuesday Blitz November 29 Late 2022"]
[White "Buchenau, Frank"]
[Black "Andreassen, Lars"]
[WhiteFideId "4604350"]
[BlackFideId "1504878"]
[WhiteElo "2157"]
[BlackElo "2119"]
[Result "1-0"]
[Round "03"]
[TimeControl "180+1"]
[Date "2022.11.30"]
[WhiteClock "0:00:10"]
[BlackClock "0:00:35"]

1. e4 g6 2. d4 Bg7 3. Nc3 d6 4. Nf3 a6 5. Bc4 b5 6. Bd5 c6 7. Bb3 Bb7 8. O-O Nf6 9. e5 dxe5 10. dxe5 Nd5 11. Nxd5 cxd5 12. Re1 O-O 13. Bf4 e6 14. Qd2 Nc6 15. c3 Na5 16. Bh6 Nc4 17. Qc1 Rc8 18. Bxg7 Kxg7 19. Bxc4 dxc4 20. Nd4 Bd5 21. Qf4 h6 22. h4 Qe7 23. Rad1 Rcd8 24. Re3 Kh7 25. Rde1 Rg8 26. Rh3 g5 27. hxg5 Qxg5 28. Qxg5 Rxg5 29. g3 Bb7 30. f4 Rg4 31. Kf2 Rdg8 32. Nc2 a5 33. Ne3 R4g6 34. Rd1 f6 35. exf6 Rxf6 36. Rd7+ Rg7 37. Ng4 Rg6 38. Rxg7+ Kxg7 39. Ne5 Rf6 40. Ke3 Rf8 41. Rh2 Rd8 42. Rd2 Rxd2 43. Kxd2 Kf6 44. Ke3 Bg2 45. g4 Bh3 46. Kd4 Bg2 47. Kc5 h5 48. gxh5 Kf5 49. h6 Kf6 50. Kxb5 Be4 51. Kxc4 Bh7 52. Kd4 Kf5 53. Ke3 1-0


[Site "https://www.chess.com"]

[Event "Titled Tuesday Blitz November 29 Late 2022"]
[White "Burke, Paul"]
[Black "Delorme, Alban"]
[WhiteFideId "2605767"]
[BlackFideId "623636"]
[WhiteElo "1908"]
[BlackElo "2197"]
[Result "1-0"]
[Round "03"]
[TimeControl "180+1"]
[Date "2022.11.30"]
[WhiteClock "0:01:57"]
[BlackClock "0:00:17"]

1. e4 c5 2. Nf3 d6 3. d4 cxd4 4. c3 dxc3 5. Nxc3 Nf6 6. Bc4 e6 7. Qe2 Be7 8. O-O a6 9. a3 Qc7 10. Rd1 b5 11. Ba2 Bb7 12. Bg5 O-O 13. Rac1 Nc6 14. Bxf6 Bxf6 15. Nd5 exd5 16. exd5 Rac8 17. dxc6 Bxc6 18. Bd5 Qb7 19. Bxc6 Rxc6 20. Rxc6 Qxc6 21. Qd2 Rc8 22. h3 Qc2 23. Qxd6 Qxb2 24. Qxa6 h6 25. Qxc8+ 1-0


[Site "https://www.chess.com"]

[Event "Titled Tuesday Blitz November 29 Late 2022"]
[White "Cardoso Cardoso, Jose Gabriel"]
[Black "Abasov, Nijat"]
[WhiteFideId "4430492"]
[BlackFideId "13402960"]
[WhiteElo "2725"]
[BlackElo "2978"]
[Result "0-1"]
[Round "03"]
[TimeControl "180+1"]
[Date "2022.11.30"]
[WhiteClock "0:00:17"]
[BlackClock "0:01:00"]

1. d4 Nf6 2. Nc3 d5 3. Bf4 e6 4. e3 a6 5. g4 c5 6. g5 Nfd7 7. Nf3 Nc6 8. Ne2 h6 9. gxh6 g6 10. Qd2 Nf6 11. Ng3 Bxh6 12. Bxh6 Rxh6 13. dxc5 Qe7 14. c4 dxc4 15. Bxc4 Qxc5 16. Rc1 Qb4 17. Qxb4 Nxb4 18. Ne5 b5 19. a3 Bb7 20. Rg1 bxc4 21. axb4 Rxh2 22. Rxc4 Rc8 23. Rxc8+ Bxc8 24. Nf3 Rh8 25. Ke2 Nd5 26. Rc1 Bd7 27. Ne4 Ke7 28. Nd4 Rb8 29. Rc7 Nxc7 0-1


[Site "https://www.chess.com"]

[Event "Titled Tuesday Blitz November 29 Late 2022"]
[White "Caruana, Fabiano"]
[Black "Ronka, Erik"]
[WhiteFideId "2020009"]
[BlackFideId "505080"]
[WhiteElo "2847"]
[BlackElo "2264"]
[Result "1-0"]
[Round "03"]
[TimeControl "180+1"]
[Date "2022.11.30"]
[WhiteClock "0:01:20"]
[BlackClock "0:00:17"]

1. d4 d5 2. Bg5 f6 3. Bh4 Nh6 4. f3 Nf5 5. Bf2 e5 6. c3 e4 7. e3 exf3 8. gxf3 Bd6 9. Bd3 O-O 10. Qc2 g6 11. Nd2 Re8 12. e4 Bf4 13. O-O-O Ne3 14. Bxe3 Bxe3 15. Kb1 dxe4 16. fxe4 c5 17. Nc4 Bh6 18. dxc5 Qc7 19. Nd6 Rf8 20. Nf3 Na6 21. b4 Be6 22. Nd4 Bd7 23. Qb3+ Kh8 24. h4 Bf4 25. h5 g5 26. Nf7+ Kg7 27. h6+ Kg6 28. e5+ f5 29. e6 Rxf7 30. exf7 Rf8 31. Ne6 1-0


[Site "https://www.chess.com"]

[Event "Titled Tuesday Blitz November 29 Late 2022"]
[White "Chlpik, Martin"]
[Black "Fernandez Siles, Luis"]
[WhiteFideId "14923351"]
[BlackFideId "2209420"]
[WhiteElo "2109"]
[BlackElo "2186"]
[Result "1-0"]
[Round "03"]
[TimeControl "180+1"]
[Date "2022.11.30"]
[WhiteClock "0:00:19"]
[BlackClock "0:00:10"]

1. d4 Nf6 2. c4 g6 3. Nc3 Bg7 4. h4 c5 5. h5 Nxh5 6. Rxh5 gxh5 7. d5 d6 8. e4 Bg4 9. f3 Bd7 10. f4 Bg4 11. Be2 Qd7 12. f5 Rg8 13. Nf3 Na6 14. Ng5 Be5 15. Bxg4 hxg4 16. Nxh7 O-O-O 17. Ng5 Rh8 18. Ke2 Rh2 19. Qf1 Nb4 20. Nxf7 Nc2 21. Nxe5 dxe5 22. Be3 Nxa1 23. Bxc5 Nc2 24. Nb5 Nd4+ 25. Bxd4 exd4 26. Qf4 Rxg2+ 27. Kf1 Qxb5 28. cxb5 Rxb2 29. Qc1+ Kd7 30. Qxb2 d3 31. Qd4 Rc8 32. Qxd3 1-0


[Site "https://www.chess.com"]

[Event "Titled Tuesday Blitz November 29 Late 2022"]
[White "Corrales Jimenez, Fidel"]
[Black "Souleidis, Georgios"]
[WhiteFideId "3506690"]
[BlackFideId "4206827"]
[WhiteElo "2890"]
[BlackElo "2595"]
[Result "1-0"]
[Round "03"]
[TimeControl "180+1"]
[Date "2022.11.30"]
[WhiteClock "0:01:38"]
[BlackClock "0:02:02"]

1. e4 c5 2. Nf3 e6 3. d4 cxd4 4. Nxd4 Nf6 5. Nc3 Nc6 6. Ndb5 Bc5 7. Nd6+ Ke7 8. Bf4 e5 9. Nf5+ Kf8 10. Bg5 d6 11. Ne3 h6 12. Bxf6 Qxf6 13. Ncd5 Qg6 14. Bd3 Be6 15. O-O Rd8 16. c3 a6 17. Kh1 Kg8 18. b4 Ba7 19. a4 h5 20. b5 Bxe3 21. bxc6 Bxd5 22. exd5 e4 23. Bxa6 bxa6 24. fxe3 h4 25. h3 Rh5 26. c4 Rg5 27. Qe2 Rg3 28. Rab1 f5 29. c7 Rc8 30. Rb8 Qe8 31. Rfb1 1-0


[Site "https://www.chess.com"]